 Dungeon Sprint DCSS version 0.29-a0-512-gf59ac788ac (webtiles) character file.

Game seed: 17001444445455784467

3303 mhtbhm the Grappler (level 9, -4/152 HPs)
             Began as a Troll Transmuter on May 30, 2022.
             Was an Initiate of Gozag.
             Slain by a demonic crawler (12 damage)
             ... in the Dungeon (Sprint I: "Red Sonja").
             The game lasted 00:03:51 (780 turns).

mhtbhm the Grappler (Troll Transmuter)               Turns: 780, Time: 00:03:52

Health: -4/152     AC:  6    Str: 22    XL:     9   Next: 70%
Magic:  5/18       EV: 11    Int: 11    God:    Gozag
Gold:   1115       SH:  0    Dex: 10    Spells: 11/21 levels left

rFire   x . .      SeeInvis .     - Unarmed
rCold   + + +      Faith    .   (shield currently unavailable)
rNeg    . . .      Spirit   .   (body armour currently unavailable)
rPois   +          Reflect  .   (helmet currently unavailable)
rElec   .          Harm     .   (cloak currently unavailable)
rCorr   .          Rampage  .   (gloves unavailable)
Will    .....      NoTele   +   (boots unavailable)
Stlth   ..........              (no amulet)
HPRegen 1.15/turn               (no ring)
MPRegen 0.16/turn               (no ring)

@: berserking (expiring), ice-form, wereblooded, gold aura, very slightly
contaminated, hasted, very quick
A: freezing attack, amphibious, boosted hp, large, unfitting armour, (claws 3),
regeneration 1, (shaggy fur 1), (tough skin 1)
a: End Transformation, Renounce Religion, Potion Petition, Call Merchant, Bribe
Branch


You were in the Dungeon.
You worshipped Gozag.
Gozag was most pleased with you.
You were a creature of crystalline ice.
You visited 1 branch You collected 1305 gold pieces.
You spent 190 gold pieces at shops.

Inventory:

Missiles
 h - 3 curare-tipped darts (quivered)
 k - 5 poisoned darts
Armour
 a - a +0 robe (melded)
Scrolls
 c - a scroll of fear
 d - a scroll of summoning
 i - a scroll of fog
 j - a scroll of immolation {unknown}
Potions
 b - a potion of lignification
 f - 2 potions of magic
 l - 2 potions of curing
 m - a potion of brilliance {unknown}


   Skills:
 + Level 4.5 Fighting
 + Level 6.0 Dodging
 + Level 0.9 Stealth
 + Level 14.4 Unarmed Combat
 + Level 6.9 Spellcasting
 + Level 8.3 Transmutations
 + Level 1.8 Ice Magic
 + Level 1.1 Evocations


You had 11 spell levels left.
You knew the following spells:

 Your Spells              Type           Power      Damage    Failure   Level
a - Beastly Appendage     Tmut           44%        N/A       1%          1
b - Wereblood             Tmut           22%        N/A       1%          2
c - Spider Form           Tmut/Pois      12%        N/A       10%         3
d - Ice Form              Ice/Tmut       15%        N/A       22%         4

Your spell library contained the following spells:

 Spells                   Type           Power      Damage    Failure   Level


Dungeon Overview and Level Annotations

Branches:
Dungeon (1/1)

Altars:
Cheibriados
Dithmenos
Elyvilon
Fedhas
Gozag
Hepliaklqana
Kikubaaqudgha
Makhleb
Nemelex Xobeh
Okawaru
Qazlal
Ru
Sif Muna
Trog
Uskayaw
Vehumet
Wu Jian
Xom
Yredelemnul
Zin
The Shining One
Jiyva
Lugonu

Shops:
D *?[


Innate Abilities, Weirdness & Mutations

You are a creature of crystalline ice.
You have a powerful freezing melee attack.
You are amphibious.
Your maximum health is increased.
Your armour is entirely melded.
You are incapable of wielding weapons or throwing items.
You are too large for most types of armour.
((You have claws for hands.))
Your natural rate of healing is unusually fast.
((You are covered in fur. (AC +1)))
((You have tough skin. (AC +1)))


Message History

The demonic crawler is no longer distracted by gold.
The demonic crawler is heavily wounded.
The demonic crawler hits you but does no damage.
The demonic crawler hits you. x2; The gargoyle hits you with a +0 flail!!
* * * LOW HITPOINT WARNING * * *
Unknown command.
Unknown command.
You pummel the demonic crawler!!
You feel a bit better.
You kill the demonic crawler!
The demonic crawler shrieks in warning!
Unknown command.
Unknown command.
You barely miss the gargoyle.
The demonic crawler shrieks in warning!
You pummel the gargoyle!! You freeze the gargoyle.
You feel a bit better.
You destroy the gargoyle!
Your Dodging skill increases to level 6!
Unknown command.
You howl as the wereblood boils in your veins!
The demonic crawler hits you!
* * * LOW HITPOINT WARNING * * *
The demonic crawler hits you.
* * * LOW HITPOINT WARNING * * *
The demonic crawler hits you but does no damage.
You see here 207 gold pieces.
You pummel the demonic crawler!! You freeze the demonic crawler.
The demonic crawler is heavily wounded.
The demonic crawler hits you!
* * * LOW HITPOINT WARNING * * *
The demonic crawler hits you.
* * * LOW HITPOINT WARNING * * *
The demonic crawler misses you.
You punch the demonic crawler!
The demonic crawler is severely wounded.
You howl as the wereblood boils in your veins!
The demonic crawler hits you.
* * * LOW HITPOINT WARNING * * *
The demonic crawler hits you!
You die...
Your body crumbles into a pile of gold.

################
.)'..#__#..'...# $
$$ $
..#..'.)'..#)..##+#$
$
####'#__####..g$Ys#$
$ ...#.####
#####r.+$ $ $ ..##.#
$$ #'## $ $$$ #'#_.+
.°. $ $ '..._# $$
.... $$$ $
#_.#'##+### ###○○○ $
##'#.#.)).### $ °°.#
$ ##)####'###)## $
°°## '...'.....'.∩#
$$


You could see a demonic crawler (catching breath, ally target), a friendly
hobgoblin (summoned) and a friendly rat (summoned).

Vanquished Creatures
  Sonja (D)
  A deep troll (D)
  A gargoyle (D)
  3 demonic crawlers (D)
  2 kobold demonologists (D)
  A slime creature (D)
  Sigmund (D)
  A yak (D)
  A floating eye (D)
  An ogre (D)
  A jelly (D)
  Ijyb (D)
15 creatures vanquished.

Vanquished Creatures (others)
  2 ballistomycete spores (D)
2 creatures vanquished.

Grand Total: 17 creatures vanquished

Notes
Turn   | Place    | Note
-------+----------+-------------------------------------------
     0 | D        | mhtbhm the Troll Transmuter began the quest for the Orb.
     0 | D        | Reached XP level 1. HP: 18/18 MP: 1/1
     3 | D        | Noticed Ijyb
     8 | D        | Killed Ijyb
     9 | D        | Reached skill level 5 in Unarmed Combat
     9 | D        | Reached XP level 2. HP: 26/26 MP: 0/3
    44 | D        | Learned a level 2 spell: Wereblood
    46 | D        | Noticed an ogre
    50 | D        | Killed an ogre
    51 | D        | Reached skill level 7 in Unarmed Combat
    51 | D        | Reached XP level 3. HP: 8/32 MP: 0/6
    51 | D        | Reached XP level 4. HP: 10/40 MP: 0/7
   125 | D        | Learned a level 3 spell: Spider Form
   127 | D        | Noticed Sigmund
   139 | D        | Killed Sigmund
   140 | D        | Reached skill level 1 in Fighting
   140 | D        | Reached skill level 9 in Unarmed Combat
   140 | D        | Reached XP level 5. HP: 34/48 MP: 5/9
   178 | D        | Found an ornate altar of the Wu Jian Council.
   178 | D        | Found a shimmering blue altar of Sif Muna.
   180 | D        | Found a radiant altar of Vehumet.
   184 | D        | Reached XP level 6. HP: 55/55 MP: 6/10
   187 | D        | Found Jacox's Magic Scroll Emporium.
   187 | D        | Found an ancient bone altar of Kikubaaqudgha.
   187 | D        | Found a hazy altar of Hepliaklqana.
   187 | D        | Found a stormy altar of Qazlal.
   187 | D        | Found a hide-covered altar of Uskayaw.
   187 | D        | Found a blossoming altar of Fedhas.
   187 | D        | Found a bloodstained altar of Trog.
   187 | D        | Found an iron altar of Okawaru.
   187 | D        | Found a basalt altar of Yredelemnul.
   187 | D        | Found a glowing golden altar of the Shining One.
   187 | D        | Found a snail-covered altar of Cheibriados.
   187 | D        | Found a sacrificial altar of Ru.
   187 | D        | Found a glowing silver altar of Zin.
   187 | D        | Found a shadowy altar of Dithmenos.
   187 | D        | Found a white marble altar of Elyvilon.
   187 | D        | Noticed a yak
   188 | D        | Found an opulent altar of Gozag.
   193 | D        | Killed a yak
   194 | D        | Reached skill level 10 in Unarmed Combat
   194 | D        | Found a sparkling altar of Nemelex Xobeh.
   201 | D        | Became a worshipper of Gozag Ym Sagoz the Greedy
   259 | D        | Learned a level 4 spell: Ice Form
   261 | D        | Found a burning altar of Makhleb.
   261 | D        | Found a viscous altar of Jiyva.
   261 | D        | Found a shimmering altar of Xom.
   261 | D        | Found a corrupted altar of Lugonu.
   261 | D        | Noticed a slime creature
   267 | D        | Killed a slime creature
   268 | D        | Reached skill level 11 in Unarmed Combat
   268 | D        | Reached skill level 5 in Transmutations
   268 | D        | Reached XP level 7. HP: 48/65 MP: 8/13
   277 | D        | Noticed a kobold demonologist
   278 | D        | Noticed a kobold demonologist
   282 | D        | Reached skill level 5 in Spellcasting
   285 | D        | Noticed an ice devil
   285 | D        | Killed a kobold demonologist
   286 | D        | Reached skill level 12 in Unarmed Combat
   287 | D        | HP: 2/66 [ice devil[a kobold demonologist] (23)]
   304 | D        | Killed a kobold demonologist
   305 | D        | Reached XP level 8. HP: 25/74 MP: 7/15
   426 | D        | Bought a scroll of fear for 38 gold pieces
   426 | D        | Bought a scroll of summoning for 104 gold pieces
   435 | D        | Noticed Sonja
   450 | D        | Killed Sonja
   451 | D        | Reached skill level 13 in Unarmed Combat
   536 | D        | Found Beipty's General Store.
   544 | D        | Bought a scroll of fog for 24 gold pieces
   544 | D        | Bought a scroll of identify for 24 gold pieces
   599 | D        | Noticed a deep troll
   606 | D        | Killed a deep troll
   607 | D        | Reached skill level 5 in Dodging
   607 | D        | Reached XP level 9. HP: 49/84 MP: 11/17
   616 | D        | Found Sakhlome's Armour Emporium.
   759 | D        | Noticed a demonic crawler
   759 | D        | Noticed a demonic crawler
   759 | D        | Noticed a demonic crawler
   759 | D        | Noticed a demonic crawler
   767 | D        | Noticed a gargoyle
   768 | D        | Killed a demonic crawler
   769 | D        | Reached skill level 1 in Ice Magic
   769 | D        | Reached skill level 1 in Evocations
   772 | D        | Killed a demonic crawler
   773 | D        | Reached skill level 14 in Unarmed Combat
   775 | D        | Killed a demonic crawler
   777 | D        | Killed a gargoyle
   780 | D        | Slain by a demonic crawler

Illustrated notes

Levels and vault maps discovered:
D:        dungeon_sprint_1 [red_sonja_temple_1, red_sonja_temple_small_1]

Skill      XL: |  1  2  3  4  5  6  7  8  9 |
---------------+----------------------------+-----
Dodging        | 2 3 4 5 6 |  6.0
Unarmed Combat | 5 7 9 11 12 13 14 | 14.4
Transmutations | 2 4 5 6 7 8 |  8.3
Spellcasting   | 2 3 4 5 6 |  6.9
Fighting       | 1 2 3 4 |  4.5
Ice Magic      | 1 |  1.8
Evocations     | 1 |  1.1
Stealth        | |  0.9

Action                   |  1- 3 |  4- 6 |  7- 9 || total
-------------------------+-------+-------+-------++-------
Melee: Unarmed           |     7 |    21 |    49 ||    77
       Kick              |     2 |     6 |     2 ||    10
       Punch             |     1 |       |     2 ||     3
       Headbutt          |       |     3 |     4 ||     7
 Cast: Beastly Appendage |     2 |     4 |       ||     6
       Wereblood         |     1 |     3 |     3 ||     7
       Ice Form          |       |       |     4 ||     4
Evoke: Wand              |     1 |       |     2 ||     3
  Use: Potion            |       |       |     5 ||     5
       Scroll            |       |       |     3 ||     3
Armor: Robe              |       |       |     4 ||     4
       Skin              |       |       |    10 ||    10
Dodge: Dodged            |     3 |     7 |    30 ||    40

Table legend: (Time is in decaauts)
 A = Elapsed time spent in this place.
 B = Non-inter-level travel time spent in this place.
 C = Inter-level travel time spent in this place.
 D = Time resting spent in this place.
 E = Time spent auto-exploring this place.
 F = Levels seen in this place.
 G = Mean time per level.
                   A        B        C        D        E       F      G
               +--------+--------+--------+--------+--------+-----+--------+
         Total |    773 |    773 |      0 |    340 |      0 |   1 |  773.0 |
       Dungeon |    773 |    773 |      0 |    340 |      0 |   1 |  773.0 |
               +--------+--------+--------+--------+--------+-----+--------+

Top non-repeatable levels by time:
       D: 773 daAuts
